Map: King's Cove LE

Players

MaSa

  • Race: Terran Terran
  • League: Master
  • Spawn Location: 11:00

soO - Winner!

  • Race: Zerg Zerg
  • League: Master
  • Spawn Location: 5:00

Event: 2019 Assembly Summer

VOD

Have the link to the VOD?

Description

Time

  • Played on: Aug. 1, 2019, 7:11 a.m.
  • Length: 6:00

All games in this series

Show
View Real Time Build Order
Export as new Build Order

MaSa Terran 

Build Orders:  

Get SALT Encoding   

  12  0:00  SCV  
  13  0:13  Supply Depot  
  13  0:19  SCV  
  14  0:31  SCV  
  15  0:40  Barracks  
  15  0:54  Barracks  
  15  1:07  Barracks  
  15  1:12  SCV  
  16  1:19  Refinery  
  17  1:29  Marine  
  17  1:31  SCV  
  17  1:36  Refinery  
  17  1:41  Marine  
  18  1:48  Marine  
  19  1:54  Marine  
  19  1:59  Orbital Command  
  20  2:05  Marine  
  21  2:20  Bunker  
  21  2:22  Supply Depot  
  21  2:26  SCV  
  22  2:38  SCV  
  22  2:43  Marine  
  24  2:45  Supply Depot  
  24  2:47  Marine  
  24  2:53  Marine, SCV  
  25  3:05  SCV  
  25  3:07  Marine  
  26  3:14  Marine  
  26  3:17  SCV  
  28  3:24  Marine  
  24  3:30  SCV  
  22  3:34  Supply Depot  
  22  3:42  SCV  
  23  3:54  Marine, SCV  
  23  3:55  Factory  
  25  4:00  Marine  
  26  4:02  Marine  
  26  4:06  SCV  
  28  4:15  Marine  
  28  4:16  Supply Depot  
  29  4:18  SCV  
  29  4:20  Marine  
  31  4:26  Marine  
  31  4:30  SCV  
  33  4:33  Marine  
  33  4:37  Marine  
  35  4:42  SCV  
  35  4:43  Starport  
  36  4:48  Hellion  
  38  4:54  SCV  
  39  5:11  Command Center  
  39  5:16  Hellion  
  41  5:21  SCV  
  41  5:30  Command Center  
  41  5:34  Refinery  
  43  5:36  SCV  
  43  5:41  Marine x2  
  47  5:52  Supply Depot  
  47  5:56  Armory  
Show
View Real Time Build Order
Export as new Build Order

soO Zerg - Winner!

Build Orders: Pool First 

Get SALT Encoding   

  12  0:00  Drone  
  13  0:13  Overlord  
  13  0:17  Drone  
  14  0:31  Drone x2  
  16  0:51  Drone  
  16  0:53  Drone  
  16  0:54  Extractor  
  16  0:56  Drone  
  18  0:58  Spawning Pool  
  17  1:18  Drone  
  18  1:30  Drone  
  19  1:40  Hatchery  
  19  1:45  Zergling x2  
  19  1:49  Zergling x2  
  20  1:56  Queen  
  22  2:04  Metabolic Boost  
  22  2:11  Overlord  
  22  2:31  Zergling x4  
  22  2:32  Queen  
  26  2:38  Zergling x2  
  27  2:46  Zergling x2  
  27  2:49  Spine Crawler  
  27  2:52  Zergling x2  
  27  2:55  Zergling x2  
  29  3:02  Zergling x2  
  30  3:07  Zergling x6  
  28  3:30  Overlord  
  28  3:36  Drone  
  29  3:43  Hatchery  
  29  3:45  Drone x2  
  30  3:50  Overlord  
  30  3:54  Drone  
  30  4:04  Roach Warren  
  29  4:11  Drone  
  30  4:17  Drone  
  31  4:45  Roach x6  
  42  4:47  Zergling x2  
  43  4:56  Zergling x4  
  45  5:09  Zergling x4  
  45  5:11  Ravager x3  
  50  5:19  Zergling x4  
  50  5:21  Overlord  
  52  5:22  Overlord  
  52  5:27  Overlord  
  51  5:41  Zergling x2  
  51  5:42  Zergling x8  
  55  5:45  Ravager  
  56  5:52  Ravager  
Tags
 
Add a new tag
Caveats
  • Supply blocks, unpowered buildings, or Contaminate may cause inaccurate times.
  • Supply counts are checked every 10 seconds.